 Dungeon Crawl Stone Soup version 0.26.1-11-gd32895ea62 (webtiles) character file.

Game seed: 11534254910692266060

127 Zeld the Changer (level 5, 0/34 HPs)
             Began as an Octopode Transmuter on May 26, 2021.
             Splashed by Ijyb's acid (10 damage)
             ... on level 3 of the Dungeon.
             The game lasted 00:03:17 (3537 turns).

Zeld the Changer (Octopode Transmuter)              Turns: 3537, Time: 00:03:19

Health: 0/34       AC:  2    Str: 10    XL:     5   Next: 11%
Magic:  6/9        EV: 20    Int: 16    God:
Gold:   50         SH:  0    Dex: 17    Spells: 0/10 levels left

rFire    . . .     SeeInvis .     - Unarmed
rCold    . . .     Faith    .   (shield currently unavailable)
rNeg     . . .     Spirit   .   (helmet currently unavailable)
rPois    x         Reflect  .   (no amulet)
rElec    .         Harm     .   (no ring)
rCorr    .         Rampage  .   (no ring)
Will     .....                  (no ring)
Stlth    ++........             (no ring)
HPRegen  0.11/turn              (no ring)
MPRegen  0.11/turn              (no ring)
                                (no ring)
                                (no ring)

@: spider-form (expiring)
A: tiny, almost no armour, stealthy swim, (amphibious), 8 rings, (constrict 8)
a: End Transformation


You were on level 3 of the Dungeon.
You were a venomous arachnid creature.
You visited 1 branch of the dungeon, and saw 3 of its levels.

You collected 50 gold pieces.

Inventory:

Scrolls
 a - 2 scrolls of remove curse {unknown}
 c - 2 scrolls of identify {unknown}
 d - a scroll of enchant weapon {unknown}
 f - 4 scrolls of teleportation {unknown}
 g - 2 scrolls of amnesia {unknown}
Potions
 b - a potion of curing {unknown}
 e - 2 potions of lignification {unknown}


   Skills:
 + Level 2.1 Fighting
 + Level 2.6 Dodging
 - Level 3.0 Unarmed Combat
 * Level 3.2 Spellcasting
 * Level 3.3 Transmutations


You couldn't memorise any spells.
You knew the following spells:

 Your Spells              Type           Power        Failure   Level
a - Beastly Appendage     Tmut           26%          14%         1
b - Wereblood             Tmut           13%          19%         2
c - Spider Form           Tmut/Pois      3%           50%         3
d - Ice Form              Ice/Tmut       7%           85%         4

Your spell library contained the following spells:

 Spells                   Type           Power        Failure   Level
 Blade Hands              Tmut           6%           91%         5


Dungeon Overview and Level Annotations

Branches:
Dungeon (3/15)

Altars:

Annotations:
D:3 Ijyb


Innate Abilities, Weirdness & Mutations

You cannot wear most types of armour.
You are very stealthy in the water. (Stealth+)
((You are amphibious.))
You can wear up to eight rings at the same time.
((You can use your tentacles to constrict eight enemies at once.))
((Your skin changes colour to match your surroundings (Stealth+).))
((Your rubbery body absorbs attacks. (AC +1, EV +1)))


Message History

The spell is quite dangerous to cast (28% risk of failure)!
Continue anyway? [Y]es or [N]o only, please.
The spell is quite dangerous to cast (28% risk of failure)!
Continue anyway?
You turn into a venomous arachnid creature.
Ijyb shouts!
You barely miss Ijyb. You hit Ijyb.
Ijyb is poisoned.
Ijyb is lightly wounded.
Your transformation is almost over.
Ijyb closely misses you.
You hit Ijyb but do no damage.
Ijyb is lightly wounded.
A goblin comes into view. It is wielding a +0 club.
You hit Ijyb.
Ijyb looks as sick as possible!
Ijyb is moderately wounded.
Ijyb zaps a wand.
The bolt of acid hits you!!
Ouch! That really hurt!
* * * LOW HITPOINT WARNING * * *
You are splashed with acid!
You die...

#.# #.# #.#
####.#
..#.##
#....
#.#g###
#..s..#
#g#.#......
# #.# #####
#.# #.# #.#
### #.# #..
#.# #.# #.#
#.# #


You could see Ijyb (extremely poisoned) and a goblin.

Vanquished Creatures
  An orc priest (D:3)
  Terence (D:2)
  2 dart slugs (D:1)
  3 leopard geckos (D:1)
  3 orcs (D:3)
  A ball python (D:3)
  6 bats
  5 giant cockroaches
  3 goblins
  8 hobgoblins
  15 kobolds
  3 frilled lizards
  6 rats
57 creatures vanquished.

Notes
Turn   | Place    | Note
-------+----------+-------------------------------------------
     0 | D:1      | Zeld the Octopode Transmuter began the quest for the Orb.
     0 | D:1      | Reached XP level 1. HP: 13/13 MP: 3/3
   344 | D:1      | Reached XP level 2. HP: 14/18 MP: 3/5
   352 | D:1      | Learned a level 2 spell: Wereblood
  1478 | D:1      | Reached XP level 3. HP: 10/23 MP: 4/6
  1705 | D:1      | Learned a level 3 spell: Spider Form
  2530 | D:2      | Noticed Terence
  2539 | D:2      | Killed Terence
  2540 | D:2      | Reached XP level 4. HP: 28/29 MP: 3/8
  3275 | D:3      | Reached XP level 5. HP: 27/34 MP: 5/9
  3280 | D:3      | Learned a level 4 spell: Ice Form
  3532 | D:3      | Noticed Ijyb
  3537 | D:3      | Splashed by Ijyb's acid

Illustrated notes

Levels and vault maps discovered:
D:1:      minmay_arrival_plants_in_alcoves, layout_loops_corners
D:2:      layout_basic, uniq_terence
D:3:      layout_loops_ring, uniq_sigmund, uniq_ijyb

Skill      XL: |  1  2  3  4 |
---------------+-------------+-----
Transmutations | 3 |  3.3
Spellcasting   | 3 |  3.2
Fighting       | 2 |  2.1
Dodging        | |  2.6
Unarmed Combat | |  3.0

Action                   |  1- 3 |  4- 6 || total
-------------------------+-------+-------++-------
Melee: Unarmed           |    68 |    55 ||   123
       Kick              |    17 |    12 ||    29
       Constrict         |    22 |    18 ||    40
       Tentacles         |     6 |     8 ||    14
 Cast: Beastly Appendage |    23 |    15 ||    38
       Spider Form       |     1 |     1 ||     2
 Stab: Sleeping          |     2 |     3 ||     5
Armor: Skin              |     4 |     5 ||     9
Dodge: Dodged            |    45 |    31 ||    76
